 Dungeon Crawl Stone Soup version 0.19.0-22-gd96e5fe (webtiles) character file.

357 JeffiDaFish the Shield-Bearer (level 6, -2/38 HPs)
             Began as a Gargoyle Fighter on Nov 18, 2016.
             Killed by divine providence
             ... invoked by an orc priest
              (10 damage)
             ... on level 4 of the Dungeon.
             The game lasted 00:04:45 (2328 turns).

JeffiDaFish the Shield-Bearer (Gargoyle Fighter)    Turns: 2328, Time: 00:04:45

Health: -2/38      AC: 13    Str: 21    XL:     6   Next: 64%
Magic:  6/6        EV:  4    Int:  9    God:
Gold:   187        SH: 10    Dex:  9    Spells: 0 memorised, 5 levels left

rFire  . . .     SeeInvis .     a - +0 long sword
rCold  . . .     Gourm    .     h - +1 plate armour
rNeg   + . .     Faith    .     c - +1 shield
rPois  ∞         Spirit   .     (no helmet)
rElec  +         Reflect  .     (no cloak)
rCorr  .         Harm     .     g - +0 pair of gloves
MR     +....     Rnd*Rage +     (no boots)
Stlth  ..........               (no amulet)
                                (no ring)
                                j - ring of protection from magic

@: no status effects
A: berserk 1, deformed body, negative energy resistance 1, electricity
resistance, unbreathing, petrification resistance, rot immunity, MP-powered
wands, AC +4
a: no special abilities


You were on level 4 of the Dungeon.
You were hungry.

You visited 1 branch of the dungeon, and saw 4 of its levels.

You collected 187 gold pieces.

Inventory:

Hand Weapons
 a - a +0 long sword (weapon)
Armour
 c - a +1 shield (worn)
 g - a +0 pair of gloves (worn)
 h - a +1 plate armour (worn)
Jewellery
 j - a ring of protection from magic (left hand)
Wands
 n - a wand of random effects (19/48)
Scrolls
 b - a scroll of remove curse
 e - a scroll of identify
 k - a scroll of teleportation
Potions
 d - a potion of might
Comestibles
 f - 3 bread rations
 i - 3 meat rations
 m - a beef jerky


   Skills:
 + Level 3.8 Fighting
 + Level 4.2 Long Blades
 + Level 4.5 Armour
 + Level 1.2 Dodging
 + Level 4.7 Shields


You had 5 spell levels left.
You didn't know any spells.

Dungeon Overview and Level Annotations

Branches:
Dungeon (4/15)
 Temple: D:4-7

Altars:
Cheibriados
Fedhas
Gozag
Trog


Innate Abilities, Weirdness & Mutations

You are resistant to torment.
Your stone body is resilient. (AC +4)
You are immune to poison.
You resist negative energy. (rN+)
You are resistant to electric shocks. (rElec)
You can survive without breathing.
You are immune to petrification.
You are immune to rotting.
You tend to lose your temper in combat.
Armour fits poorly on your strangely shaped body.
You expend magic power (3 MP) to strengthen your wands.


Message History

The orc hits you but does no damage. x2
You hit the orc priest but do no damage.
The orc priest is heavily wounded.
The orc priest calls down the wrath of Beogh upon you.
Pain shoots through your body!
* * * LOW HITPOINT WARNING * * *
You block the orc's attack.
The orc hits you from afar with a trident of venom.
* * * LOW HITPOINT WARNING * * *
Okay, then.
You closely miss the orc priest.
The orc priest is heavily wounded.
You block the orc priest's attack. The orc hits you but does no damage. x2
The orc priest looks satisfied for a moment.
You hit the orc priest.
The orc priest is severely wounded.
You block the orc's attack. The orc completely misses you.
The orc priest invokes the aid of Beogh against you.
Beogh smites you!
You die...

##+ #..
#.o
#o##
#o@#
##....#
####.#
#


You could see an orc priest and 2 orcs.

Vanquished Creatures
  The ghost of Query42 the Grave Robber, an amateur VSNe (D:3)
  An orc priest (D:3)
  Ijyb (D:3)
  4 gnolls (D:3)
  6 adders
  2 oozes
  A worm (D:2)
  3 orcs (D:3)
  A ball python (D:3)
  5 giant cockroaches
  5 hobgoblins
  5 bats
  7 frilled lizards
  6 goblins
  9 kobolds
  3 rats
60 creatures vanquished.

Notes
Turn   | Place    | Note
-------+----------+-------------------------------------------
     0 | D:1      | JeffiDaFish the Gargoyle Fighter began the quest for the Orb.
     0 | D:1      | Reached XP level 1. HP: 14/14 MP: 1/1
    27 | D:1      | Gained mutation: You tend to lose your temper in combat. [potion of mutation]
    27 | D:1      | Gained mutation: You expend magic power (3 MP) to strengthen your wands. [potion of mutation]
    27 | D:1      | Gained mutation: Armour fits poorly on your strangely shaped body. [potion of mutation]
   368 | D:1      | Reached XP level 2. HP: 17/19 MP: 2/2
   552 | D:2      | Reached XP level 3. HP: 23/23 MP: 3/3
   653 | D:2      | Found an opulent altar of Gozag.
  1027 | D:2      | Reached XP level 4. HP: 13/28 MP: 4/4
  1405 | D:3      | Noticed Ijyb
  1408 | D:3      | Found a blossoming altar of Fedhas.
  1426 | D:3      | Killed Ijyb
  1480 | D:3      | Reached skill level 1 in Dodging
  1487 | D:3      | Reached XP level 5. HP: 32/32 MP: 5/5
  1562 | D:3      | Found a bloodstained altar of Trog.
  1608 | D:3      | Noticed Query42's ghost (amateur VSNe)
  1621 | D:3      | Killed Query42's ghost
  1621 | D:3      | Reached XP level 6. HP: 24/38 MP: 6/6
  2253 | D:3      | Found a snail-covered altar of Cheibriados.
  2328 | D:4      | Killed from afar by an orc priest

Skill      XL: |  1  2  3  4  5  6 |
---------------+-------------------+-----
Long Blades    | 2 3 4 |  4.2
Dodging        | 1 |  1.2
Armour         | 4 |  4.5
Shields        | 4 |  4.7
Fighting       | |  3.8

Action                   |  1- 3 |  4- 6 || total
-------------------------+-------+-------++-------
Melee: Long sword        |   161 |   149 ||   310
  Use: Scroll            |     7 |       ||     7
       Potion            |     5 |     1 ||     6
  Eat: Chunk             |     1 |     4 ||     5
Armor: Scale mail        |    43 |       ||    43
       Plate armour      |    40 |   130 ||   170
Dodge: Dodged            |    39 |    34 ||    73
Block: Shield            |   113 |    96 ||   209
       Rpst.: Long sword |    11 |     7 ||    18
